 Dungeon Crawl Stone Soup version 0.28.0-45-g0d030f2227 (webtiles) character file.

Game seed: 2786086635568537045

9 Peloso the Covered (level 2, -8/27 HPs)
             Began as a Minotaur Fighter on Apr 4, 2022.
             Mangled by a kobold
             ... wielding a +2 whip of electrocution
              (16 damage)
             ... on level 1 of the Dungeon.
             The game lasted 00:00:16 (257 turns).

Peloso the Covered (Minotaur Fighter)                Turns: 257, Time: 00:00:17

Health: -8/27      AC:  7    Str: 20    XL:     2   Next: 6%
Magic:  1/1        EV:  9    Int:  5    God:
Gold:   18         SH:  4    Dex:  9    Spells: 1/1 levels left

rFire   . . .      SeeInvis .   a - +0 long sword
rCold   . . .      Faith    .   c - +0 buckler
rNeg    . . .      Spirit   .   b - +0 scale mail
rPois   .          Reflect  .   (helmet restricted)
rElec   .          Harm     .   (no cloak)
rCorr   .          Rampage  .   (no gloves)
Will    .....                   (no boots)
Stlth   ..........              (no amulet)
HPRegen 0.09/turn               (no ring)
MPRegen 0.07/turn               (no ring)

@: no status effects
A: horns 2, retaliatory headbutt
a: no special abilities


You were on level 1 of the Dungeon.
You visited 1 branch of the dungeon, and saw 1 of its levels.

You collected 18 gold pieces.

Inventory:

Hand Weapons
 a - a +0 long sword (weapon)
Armour
 b - a +0 scale mail (worn)
 c - a +0 buckler (worn)
Scrolls
 e - 2 scrolls of teleportation {unknown}
 f - a scroll of amnesia {unknown}
Potions
 d - a potion of might


   Skills:
 + Level 3.8 Fighting
 + Level 2.4 Long Blades
 + Level 4.0 Armour
 + Level 0.4 Dodging
 + Level 3.7 Shields


You had one spell level left.
You didn't know any spells.
Your spell library was empty.

Dungeon Overview and Level Annotations

Branches:
Dungeon (1/15)

Altars:


Innate Abilities, Weirdness & Mutations

You have a pair of horns on your head.
You reflexively headbutt those who attack you in melee.


Message History

You hit the hobgoblin but do no damage. You headbutt the hobgoblin.
The hobgoblin is severely wounded.
The hobgoblin misses you. You furiously retaliate!
You headbutt the hobgoblin!
You kill the hobgoblin!
The goblin hits you but does no damage.
You see here a hobgoblin corpse.
You closely miss the goblin. Your headbutt misses the goblin.
The goblin hits you but does no damage. x2
You closely miss the goblin. Your headbutt misses the goblin.
The goblin closely misses you.
You slash the goblin!
You kill the goblin!
Your Armour skill increases to level 4!
You have reached level 2!
Things that are here:
a +0 dagger; a goblin corpse A kobold comes into view.
It is wielding a +0 dagger.
The kobold shouts!
A kobold is nearby!
A kobold is nearby!
A kobold is nearby!
A quokka comes into view.
The quokka moves out of view.
The kobold closely misses you.
You slash the kobold!
You kill the kobold!
You see here a +0 dagger.
A kobold comes into view.
It is wielding a +2 whip of electrocution.
A kobold is nearby!
A kobold is nearby!
You hit the kobold but do no damage. Your headbutt misses the kobold.
The kobold misses you.
The kobold hits you with a +2 whip of electrocution.
You are electrocuted!
Ouch! That really hurt!
* * * LOW HITPOINT WARNING * * *
You hit the kobold but do no damage. Your headbutt misses the kobold.
The kobold hits you but does no damage.
You are electrocuted!
Ouch! That really hurt!
You die...

♣♣♣♣♣♣♣♣♣ #.......
....... ..... # ....
#### #.##..#### ....
+........#..#..
#...K@.#.#....#
#.............#♣♣8♣♣♣8
....##.....##...
♣P≈P♣≈≈ .........#.#
♣≈≈≈♣≈≈ . ######.#)#
♣.^.♣.^ +........#
♣♣♣♣P.P♣P.
#######.##♣♣♣.P♣♣.♣♣♣.
#.#♣♣P≈..♣......
#.#♣8≈≈^.....(..


You could see a kobold.

Vanquished Creatures
  An endoplasm (D:1)
  A goblin (D:1)
  3 hobgoblins (D:1)
  A kobold (D:1)
  A bat (D:1)
  A rat (D:1)
8 creatures vanquished.

Notes
Turn   | Place    | Note
-------+----------+-------------------------------------------
     0 | D:1      | Peloso the Minotaur Fighter began the quest for the Orb.
     0 | D:1      | Reached XP level 1. HP: 19/19 MP: 0/0
   192 | D:1      | Reached skill level 4 in Armour
   192 | D:1      | Reached XP level 2. HP: 23/27 MP: 1/1
   257 | D:1      | Mangled by a kobold

Illustrated notes

Levels and vault maps discovered:
D:1:      psy_arrival_wood_between_worlds, layout_basic,
          shapermc_ecumenical_altar_mp_ritualfount, serial_forest,
          infiniplex_forest_straight_2, infiniplex_forest_clump_tiny,
          infiniplex_forest_lined_1, infiniplex_forest_corner_1,
          infiniplex_forest_clump_small, infiniplex_forest_straight_5

Skill      XL: |  1 |
---------------+----+-----
Armour         | 4 |  4.0
Fighting       | |  3.8
Long Blades    | |  2.4
Dodging        | |  0.4
Shields        | |  3.7

Action                   || total
-------------------------++-------
Melee: Long sword        ||    20
       Headbutt          ||     4
Armor: Scale mail        ||    13
Dodge: Dodged            ||    12
Block: Buckler           ||     4
